 Dungeon Crawl Stone Soup version 0.21.1 (webtiles) character file.

431 FreshCat the Sneak (level 6, 0/24 HPs)
             Began as a Felid Venom Mage on Feb 2, 2018.
             Was an Initiate of Vehumet.
             Slain by a water moccasin (9 damage)
             ... on level 6 of the Dungeon.
             The game lasted 00:50:07 (5611 turns).

FreshCat the Sneak (Felid Venom Mage)               Turns: 5611, Time: 00:50:07

Health: 0/24       AC:  2    Str:  6    XL:     6   Next: 66%
Magic:  13/13      EV: 19    Int: 17    God:    Vehumet [......]
Gold:   214        SH:  0    Dex: 16    Spells: 7/13 levels left
                                        Lives:  0   Deaths: 1

rFire    . . .     SeeInvis +     - Unarmed
rCold    . . .     Gourm    .   (shield unavailable)
rNeg     . . .     Faith    +   (armour unavailable)
rPois    .         Spirit   .   (helmet unavailable)
rElec    .         Reflect  .   (cloak unavailable)
rCorr    .         Harm     .   (gloves unavailable)
MR       .....                  (boots unavailable)
Stlth    +++.......             o - amulet of faith
HPRegen  0.08/turn              (no ring)
MPRegen  0.13/turn              (no ring)

@: quick
A: very small, no armour, no weapons or thrown items, stealth, claws 1, fangs 3,
see invisible, carnivore, speed 1, shaggy fur 2, slow metabolism 1, sharp paws
a: Renounce Religion


You were on level 6 of the Dungeon.
You worshipped Vehumet.
Vehumet was noncommittal.
You were not hungry.

You visited 1 branch of the dungeon, and saw 6 of its levels.

You collected 214 gold pieces.

Inventory:

Missiles
 m - 128 stones
 u - 17 arrows
Jewellery
 g - an uncursed ring of fire
 o - an amulet of faith (around neck)
Wands
 f - a wand of flame (17)
Scrolls
 h - a scroll of fog {unknown}
 i - 6 scrolls of identify
 j - 2 scrolls of teleportation
 q - a scroll of fear {unknown}
 r - a scroll of enchant weapon {unknown}
Potions
 c - 2 potions of flight
 d - a potion of resistance {unknown}
 e - a potion of curing
 k - a potion of brilliance {unknown}
 n - a potion of berserk rage {unknown}
 s - a potion of cancellation {unknown}
 t - a potion of heal wounds {unknown}
Books
 a - a Young Poisoner's Handbook

   Spells                             Type                      Level
   a - Sting                          Conjuration/Poison           1
   b - Poisonous Vapours              Poison/Air                   2
   c - Mephitic Cloud                 Conjuration/Poison/Air       3
   d - Olgreb's Toxic Radiance        Poison                       4
   e - Venom Bolt                     Conjuration/Poison           5
Comestibles
 b - 9 rations


   Skills:
 + Level 0.2 Fighting
 + Level 3.4 Dodging
 + Level 4.7 Stealth
 + Level 1.9 Unarmed Combat
 + Level 4.2 Spellcasting
 + Level 1.8 Conjurations
 + Level 2.1 Air Magic
 + Level 4.3 Poison Magic
 + Level 0.2 Evocations


You had 7 spell levels left.
You knew the following spells:

 Your Spells              Type           Power        Failure   Level  Hunger
a - Sting                 Conj/Pois      ##..         4%          1    None
b - Poisonous Vapours     Pois/Air       ##....       6%          2    ##.....
c - Mephitic Cloud        Conj/Pois/Air  ##......     14%         3    ###....


Dungeon Overview and Level Annotations

Branches:
Dungeon (6/15)
 Temple: D:4-7

Altars:
Elyvilon
Hepliaklqana
Ru
Vehumet
Wu Jian

Annotations:
D:3 Grinder
D:5 oger


Innate Abilities, Weirdness & Mutations

You cannot wear armour.
You are incapable of wielding weapons or throwing items.
Your paws allow you to move quietly. (Stealth)
You have sharp claws.
You have razor-sharp teeth.
You have supernaturally acute eyesight. (SInv)
You are carnivorous and can eat meat at any time.
You cover ground quickly.
You are covered in thick fur. (AC +2)
You have a slow metabolism.
Your sharp claws are effective at attacking unaware monsters.


Message History

Aiming: Poisonous Vapours
Press: ? - help, Dir - move target cursor, f - water moccasin
Aim: a water moccasin (lightly wounded) But poisonous vapours would do no harm to the water moccasin!
Unknown command.
You scratch the water moccasin. Your bite misses the water moccasin.
The water moccasin is moderately wounded.
The water moccasin bites you. x2
* * * LOW HITPOINT WARNING * * *
You miss the water moccasin.
You bite the water moccasin, but do no damage.
The water moccasin is moderately wounded.
The water moccasin bites you.
* * * LOW HITPOINT WARNING * * *
You feel better.
The water moccasin completely misses you.
You barely miss the water moccasin.
The water moccasin is moderately wounded.
The water moccasin bites you!
You die...

# ####.#.#### #
#....#....#### #
#.#######....# #
#....#....##.#
#####.##.#.#####.## .
.........#.####...###...
#####.#.................
#.####.####S..##..#| #.#
#.# ##@## #.. ..# #.#
#.# . ### #.# #.# #.#
#.# #.# #.. #.# ###


You could see a water moccasin.

Vanquished Creatures
  An orc warrior (D:4)
  A scorpion (D:4)
  A water moccasin skeleton (D:4)
  A howler monkey (D:3)
  A hound (D:2)
  An orc priest (D:4)
  An orc wizard (D:4)
  Crazy Yiuf (D:4)
  A bullfrog skeleton (D:4)
  Jessica (D:2)
  2 worker ants
  4 gnolls
  3 adders (D:2)
  An ooze (D:4)
  An adder skeleton (D:5)
  4 worms
  4 leopard geckos
  3 orcs
  6 bats
  A giant cockroach (D:2)
  5 goblins
  4 hobgoblins
  2 jackals (D:2)
  A quokka (D:2)
  2 ball pythons
  4 frilled lizards
  4 kobolds
  4 rats
65 creatures vanquished.

Notes
Turn   | Place    | Note
-------+----------+-------------------------------------------
     0 | D:1      | FreshCat the Felid Venom Mage began the quest for the Orb.
     0 | D:1      | Reached XP level 1. HP: 7/7 MP: 4/4
   498 | D:1      | Reached skill level 1 in Conjurations
   498 | D:1      | Reached XP level 2. HP: 11/11 MP: 3/6
   555 | D:1      | Learned a level 2 spell: Poisonous Vapours
   996 | D:2      | Reached XP level 3. HP: 8/14 MP: 0/7
  1762 | D:2      | Noticed Jessica
  1777 | D:2      | Killed Jessica
  1777 | D:2      | Reached skill level 1 in Unarmed Combat
  1965 | D:2      | Reached XP level 4. HP: 18/18 MP: 1/8
  2196 | D:3      | Found a hazy altar of Hepliaklqana.
  2694 | D:3      | Learned a level 3 spell: Mephitic Cloud
  2771 | D:3      | Reached XP level 5. HP: 19/21 MP: 0/10
  3087 | D:3      | Found a sacrificial altar of Ru.
  3138 | D:3      | Found an ornate altar of the Wu Jian Council.
  3158 | D:3      | Noticed Grinder
  3235 | D:4      | Reached skill level 1 in Air Magic
  3414 | D:4      | Found a radiant altar of Vehumet.
  3566 | D:4      | Gained mutation: You are covered in thick fur. (AC +2) [Felid growth]
  3566 | D:4      | Reached XP level 6. HP: 9/24 MP: 10/12
  3757 | D:4      | Became a worshipper of Vehumet
  3770 | D:5      | Entered Level 5 of the Dungeon
  4002 | D:4      | Found a white marble altar of Elyvilon.
  4022 | D:4      | Killed from afar by an orc priest
  4023 | D:4      | Reached XP level 5. HP: -2/21 MP: 1/11
  4041 | D:5      | Noticed an ogre
  4179 | D:4      | Found a runed door.
  4183 | D:4      | Noticed Crazy Yiuf
  4188 | D:4      | Killed Crazy Yiuf
  4594 | D:4      | Reached XP level 6. HP: 24/24 MP: 1/12
  4602 | D:4      | Noticed an orc warrior
  4610 | D:4      | Killed an orc warrior
  5589 | D:5      | Noticed a water moccasin
  5611 | D:6      | Slain by a water moccasin

Skill      XL: |  1  2  3  4  5  6 |
---------------+-------------------+-----
Poison Magic   | 3 4 |  4.3
Conjurations   | 1 |  1.8
Dodging        | 3 |  3.4
Unarmed Combat | 1 |  1.9
Stealth        | 3 4 |  4.7
Spellcasting   | 3 4 |  4.2
Air Magic      | 1 2 |  2.1
Fighting       | |  0.2
Evocations     | |  0.2

Action                   |  1- 3 |  4- 6 || total
-------------------------+-------+-------++-------
Melee: Unarmed           |    53 |    60 ||   113
       Bite              |     1 |     5 ||     6
 Cast: Sting             |    45 |    13 ||    58
       Poisonous Vapours |     9 |    51 ||    60
       Mephitic Cloud    |       |     1 ||     1
Evoke: Wand              |       |     6 ||     6
  Use: Potion            |     4 |     7 ||    11
       Scroll            |       |     4 ||     4
 Stab: Sleeping          |     1 |     9 ||    10
  Eat: Chunk             |    11 |     6 ||    17
Armor: Skin              |    60 |     3 ||    63
Dodge: Dodged            |    65 |    62 ||   127
